 Dungeon Crawl Stone Soup version 0.30-a0-534-gdc55766716 (webtiles) character file.

Game seed: 3736797121688870092

13832 freelancePsychic the Skirmisher (level 11, -5/92 HPs)
             Began as a Demonspawn Wanderer on Dec 25, 2022.
             Was an Elder of Dithmenos.
             Slain by Grum
             ... wielding a -1 glaive of flaming
              (23 damage)
             ... on level 1 of the Lair of Beasts.
             The game lasted 00:27:12 (13490 turns).

freelancePsychic the Skirmisher (DsWn)             Turns: 13490, Time: 00:27:13

Health: -5/92      AC:  9    Str: 14    XL:     11   Next: 80%
Magic:  11/11      EV: 16    Int: 11    God:    Dithmenos [****..]
Gold:   360        SH:  0    Dex: 18    Spells: 10/10 levels left

rFire   + . .      SeeInvis +    b - +1 arbalest
rCold   . . .      Faith    .    (shield currently unavailable)
rNeg    . . .      Spirit   .    D - +0 steam dragon scales
rPois   .          Reflect  .    (helmet unavailable)
rElec   .          Harm     .    G - +0 cloak "Amizih" {rF+}
rCorr   .          Rampage  .    c - +1 pair of gloves
Will    .....                    e - +0 pair of boots
Stlth   ++++                     (no amulet)
HPRegen 0.35/turn                (no ring)
MPRegen 0.12/turn                (no ring)

@: wreathed by umbra
A: antennae 3, icemail 2, condensation shield, demonic magic 1
a: Renounce Religion, Shadow Step


You were on level 1 of the Lair of Beasts.
You worshipped Dithmenos.
Dithmenos was greatly pleased with you.
You visited 3 branches of the dungeon, and saw 13 of its levels.
You also visited: Bailey.

You collected 815 gold pieces.
You spent 455 gold pieces at shops.

Inventory:

Hand Weapons
 b - a +1 arbalest (weapon)
Missiles
 g - a throwing net
Armour
 c - a +1 pair of gloves (worn)
 e - a +0 pair of boots (worn)
 B - a +1 buckler of cold resistance
 D - +0 steam dragon scales (worn)
 G - the +0 cloak "Amizih" (worn) {rF+}
   (You bought it in a shop on level 10 of the Dungeon)

   rF:        It protects you from fire.
Jewellery
 d - a ring of fire
 F - a ring of fire
Wands
 f - a wand of mindburst (7)
 p - a wand of flame (6)
 q - a wand of iceblast (1)
 w - a wand of quicksilver (6)
Scrolls
 m - a scroll of torment
 o - 2 scrolls of fog
 u - a scroll of magic mapping
 v - 7 scrolls of teleportation {@r4}
 y - 2 scrolls of vulnerability
 A - a scroll of enchant armour
 C - a scroll of immolation
 E - 4 scrolls of identify {@r1}
Potions
 a - 2 potions of haste {@q3}
 h - a potion of ambrosia
 i - a potion of berserk rage {unknown}
 j - 2 potions of brilliance {unknown}
 k - a potion of might {unknown}
 l - 4 potions of curing {@q1}
 n - 4 potions of cancellation {unknown}
 r - 2 potions of degeneration {unknown}
 s - 2 potions of flight {unknown}
 t - 2 potions of heal wounds {unknown}
 x - a potion of lignification
 z - 2 potions of attraction {unknown}


   Skills:
 + Level 10.4 Fighting
 - Level 1.0 Long Blades
 - Level 2.9 Polearms
 * Level 12.9 Ranged Weapons
 - Level 1.0 Throwing
 - Level 6.7 Dodging
 - Level 3.0 Stealth
 + Level 2.8 Evocations


You had 10 spell levels left.
You didn't know any spells.
Your spell library contained the following spells:

 Spells                   Type           Power      Damage    Failure   Level
 Ensorcelled Hibernation  Hex/Ice        0%         N/A       47%         2
 Passwall                 Tmut/Erth      0%         N/A       47%         2
 Swiftness                Air            0%         N/A       71%         3


Dungeon Overview and Level Annotations

Branches:
Dungeon (11/15)            Temple (0/1) D:7            Lair (1/5) D:11
    Orc (1/2) D:9          Bailey (visited)

Altars:
Ashenzari
Cheibriados
Dithmenos
Kikubaaqudgha
Makhleb
Nemelex Xobeh
Okawaru
Qazlal
Sif Muna
Trog
Uskayaw
Wu Jian
Xom
Yredelemnul

Shops:
D:3 :   D:5 !   D:10 [   D:11 ([(!

Annotations:
D:6 2 transporters
D:9 1 transporter
Lair:1 Grum


Innate Abilities, Weirdness & Mutations

You have a pair of large antennae on your head. (SInv)
A meltable icy envelope protects you from harm. (AC +0)
A meltable shield of frost defends you. (SH +0)
Spells you cast may paralyse adjacent enemies.


Message History

You are too injured to fight recklessly!
You are too injured to fight recklessly!
You are too injured to fight recklessly!
You are too injured to fight recklessly!
You are too injured to fight recklessly!
You are too injured to fight recklessly!
You are too injured to fight recklessly!
You are too injured to fight recklessly!
Fire: b) +1 arbalest
Press: ? - help, Shift-Dir - straight line, f/p - elephant
Aim: an elephant (severely wounded, umbra, 91% to hit)
You shoot a bolt. The bolt hits the elephant!!
You kill the elephant!
Dithmenos accepts your kill. The wolf completely misses you.
The elephant barely misses you. x2
Grum hits you from afar with a -1 glaive of flaming.
Grum burns you.
Fire: b) +1 arbalest
Press: ? - help, Shift-Dir - straight line, f - wolf
Aim: a wolf (umbra, 55% to hit)
You shoot a bolt. The bolt completely misses the wolf.
The bolt barely misses Grum.
The wolf bites you but does no damage. The wolf bites you.
The elephant misses you. The elephant trunk-slaps you.
Grum hits you from afar with a -1 glaive of flaming!!
* * * LOW HITPOINT WARNING * * *
Okay, then.
Okay, then.
Aiming: Quicksilver Bolt
Press: ? - help, Shift-Dir - straight line, f/p - wolf
Aim: a wolf (umbra, 57% to hit)
The bolt of dispelling energy misses the wolf.
The bolt of dispelling energy hits Grum!
Grum is moderately wounded.
The wolf bites you but does no damage. The elephant tramples you.
* * * LOW HITPOINT WARNING * * *
You hold your ground!
The elephant trunk-slaps you but does no damage.
Grum growls, "You're dog chow, freelancePsychic!"
Grum hits you from afar with a -1 glaive of flaming!!
You die...

.. #$. h.####
#... #.g...##
#...# .......#
#...#
..h.$..###...#
#...#.#...#
#g....##
#hY....#
#@#....#
####...##
##...# #...#
#...# #...## {
#....# #...##
##...#


You could see an elephant, Grum and a wolf.

Vanquished Creatures
  A centaur warrior (D:10)
  An orc knight (Bailey)
  A cyclops (D:11)
  A deep elf pyromancer (Bailey)
  An ugly thing (D:11)
  4 elephants (Lair:1)
  A black mamba (Lair:1)
  A cane toad (Lair:1)
  2 unseen horrors (D:11)
  A komodo dragon (Lair:1)
  2 trolls (D:9)
  3 meliai (D:10)
  A hornet (D:11)
  A vampire (D:9)
  2 yaks (D:10)
  A wyvern (D:10)
  2 steam dragons
  4 wargs
  An acid dragon (D:10)
  A water moccasin (D:6)
  19 orc warriors
  2 ice beasts
  A sky beast (D:8)
  3 ogres
  A wolf (Lair:1)
  6 centaurs
  A bullfrog (Lair:1)
  A gnoll sergeant (D:11)
  4 scorpions
  3 necrophages
  A wyvern zombie (D:7)
  20 wights
  7 killer bees (D:9)
  2 electric eels (D:11)
  3 howler monkeys (D:10)
  A bullfrog zombie (D:7)
  2 hounds (D:5)
  A gnoll bouda (D:9)
  7 orc priests
  A jelly (D:6)
  An iguana (D:6)
  16 orc wizards
  A mummy (D:10)
  14 gnolls
  4 adders
  A shadow imp (D:6)
  2 ufetubi
  An adder zombie (D:2)
  An adder skeleton (D:2)
  A worm (D:3)
  5 dart slugs
  42 orcs
  2 ball pythons
  A bat (D:1)
  6 endoplasms
  5 giant cockroaches
  10 goblins
  3 hobgoblins (D:1)
  7 jackals
  5 kobolds
  A quokka (D:1)
  A ball python zombie (D:2)
  2 frilled lizards (D:1)
  A giant cockroach zombie (D:2)
  A jackal skeleton (D:2)
  3 rats
255 creatures vanquished.

Vanquished Creatures (others)
  A plant (Lair:1)
1 creature vanquished.

Grand Total: 256 creatures vanquished

Notes
Turn   | Place    | Note
-------+----------+-------------------------------------------
     0 | D:1      | freelancePsychic the Demonspawn Wanderer began the quest
                  | for the Orb.
     0 | D:1      | freelancePsychic set off with the following items: a +2
                  | spear, a +0 falchion, a +0 pair of gloves, a scroll of
                  | blinking, a +0 leather armour.
     0 | D:1      | Reached XP level 1. HP: 16/16 MP: 1/1
   186 | D:1      | Gained mutation: You have a pair of small antennae on your
                  | head. [demonic ancestry]
   186 | D:1      | Reached XP level 2. HP: 20/22 MP: 2/2
   927 | D:1      | Reached skill level 1 in Ranged Weapons
   927 | D:1      | Gained mutation: A meltable shield of frost defends you.
                  | (SH +0) [demonic ancestry]
   927 | D:1      | Reached XP level 3. HP: 26/28 MP: 3/3
  1542 | D:3      | Found a shadowy altar of Dithmenos.
  1567 | D:3      | Found Jecalac's Book Shop.
  1691 | D:3      | Found a hide-covered altar of Uskayaw.
  1697 | D:3      | Reached skill level 2 in Ranged Weapons
  1697 | D:3      | Gained mutation: You have a pair of antennae on your head.
                  | [demonic ancestry]
  1697 | D:3      | Reached XP level 4. HP: 31/34 MP: 4/4
  1868 | D:3      | Became a worshipper of Dithmenos the Shadowed
  2406 | D:4      | Noticed an ogre
  2460 | D:3      | Gained mutation: You have a pair of large antennae on your
                  | head. (SInv) [demonic ancestry]
  2460 | D:3      | Reached XP level 5. HP: 41/41 MP: 5/5
  2626 | D:4      | Noticed an ice beast
  2787 | D:3      | Reached skill level 1 in Evocations
  3005 | D:4      | Reached skill level 3 in Ranged Weapons
  3159 | D:4      | Found a stormy altar of Qazlal.
  3251 | D:4      | Found a bloodstained altar of Trog.
  3274 | D:4      | Found a burning altar of Makhleb.
  3349 | D:4      | Found an ornate altar of the Wu Jian Council.
  3496 | D:4      | Killed an ogre
  3497 | D:4      | Reached XP level 6. HP: 48/48 MP: 6/6
  3524 | D:5      | Entered Level 5 of the Dungeon
  3670 | D:4      | Reached skill level 4 in Ranged Weapons
  3870 | D:5      | Found a shimmering altar of Xom.
  3900 | D:5      | Found a shimmering altar of Xom.
  3900 | D:5      | Found a shimmering altar of Xom.
  3949 | D:5      | Found a shimmering altar of Xom.
  3966 | D:5      | Reached XP level 7. HP: 54/55 MP: 7/7
  4362 | D:5      | Reached skill level 5 in Ranged Weapons
  4612 | D:5      | Found Wiov's Distillery.
  4620 | D:5      | Bought a potion of lignification for 33 gold pieces
  4620 | D:5      | Bought a potion of curing for 33 gold pieces
  4729 | D:5      | Found an iron altar of Okawaru.
  4841 | D:6      | Found a transporter.
  5145 | D:6      | Reached skill level 5 in Fighting
  5360 | D:6      | Reached * piety under Dithmenos
  5399 | D:6      | Reached skill level 6 in Ranged Weapons
  5401 | D:6      | Gained mutation: Spells you cast may paralyse adjacent
                  | enemies. [demonic ancestry]
  5401 | D:6      | Reached XP level 8. HP: 63/63 MP: 8/8
  5589 | D:6      | Reached skill level 7 in Ranged Weapons
  6191 | D:6      | Reached skill level 8 in Ranged Weapons
  6362 | D:6      | Found a transporter.
  7053 | D:7      | Gained mutation: A meltable icy envelope protects you from
                  | harm. (AC +0) [demonic ancestry]
  7053 | D:7      | Reached XP level 9. HP: 62/71 MP: 9/9
  7170 | D:7      | Found a broken altar of Ashenzari.
  7179 | D:7      | Reached ** piety under Dithmenos
  7263 | D:7      | Found a staircase to the Ecumenical Temple.
  7755 | D:7      | Reached skill level 1 in Dodging
  7988 | D:7      | Found a basalt altar of Yredelemnul.
  8058 | D:8      | Reached skill level 9 in Ranged Weapons
  8189 | D:8      | Found a flagged portal.
  8202 | Bailey   | Entered a bailey
  8424 | Bailey   | Noticed an orc knight
  8444 | Bailey   | Killed an orc knight
  8445 | Bailey   | Reached skill level 10 in Ranged Weapons
  8445 | Bailey   | Gained mutation: A meltable icy envelope protects you from
                  | harm. (AC +0) [demonic ancestry]
  8445 | Bailey   | Reached XP level 10. HP: 41/80 MP: 10/10
  8593 | Bailey   | Found a large runed translucent door.
  8593 | Bailey   | Found a large runed translucent door.
  8594 | Bailey   | Noticed a deep elf pyromancer
  8673 | Bailey   | Killed a deep elf pyromancer
 10084 | D:9      | Reached *** piety under Dithmenos
 10117 | D:9      | Found a shimmering blue altar of Sif Muna.
 10118 | D:9      | Found a sparkling altar of Nemelex Xobeh.
 10349 | D:9      | Found a staircase to the Orcish Mines.
 10408 | D:9      | Found a transporter.
 10438 | D:9      | Reached skill level 11 in Ranged Weapons
 10816 | D:10     | Entered Level 10 of the Dungeon
 10816 | D:10     | Noticed a centaur warrior
 10816 | D:10     | Found Iklel's Armour Emporium.
 10970 | Orc:1    | Entered Level 1 of the Orcish Mines
 10972 | Orc:1    | Noticed an orc warlord
 11127 | D:9      | Reached skill level 5 in Dodging
 11508 | D:10     | Reached **** piety under Dithmenos
 11509 | D:10     | Reached XP level 11. HP: 26/89 MP: 11/11
 11665 | D:10     | Killed a centaur warrior
 11762 | D:10     | Bought the +0 cloak "Amizih" {rF+} for 259 gold pieces
 12065 | D:10     | Found a snail-covered altar of Cheibriados.
 12104 | D:10     | Found an ancient bone altar of Kikubaaqudgha.
 12364 | D:11     | Found Piapn's Antique Weapon Emporium.
 12386 | D:11     | Found Ynadie's Distillery.
 12394 | D:11     | Bought a potion of haste for 130 gold pieces
 12398 | D:11     | Noticed a red ugly thing
 12405 | D:11     | Killed a red ugly thing
 12452 | D:11     | Reached skill level 12 in Ranged Weapons
 12478 | D:11     | Found a staircase to the Lair.
 12485 | D:11     | Found Feysurph's Armour Emporium.
 12600 | D:11     | Found Akatoec's Antique Weapon Emporium.
 13197 | D:11     | Reached skill level 10 in Fighting
 13247 | Lair:1   | Entered Level 1 of the Lair of Beasts
 13478 | Lair:1   | Noticed Grum
 13490 | Lair:1   | Slain by Grum

Illustrated notes

Levels and vault maps discovered:
D:1:      minmay_arrival_solitary_statue, layout_basic
D:2:      layout_rooms, serial_undead, serial_undead_a, serial_undead_b,
          serial_undead_f, serial_undead_f
D:3:      layout_loops_ring, mainiacjoe_overflow_catch_the_wave, serial_shops,
          nicolae_square_shop
D:4:      layout_basic, old_standard_altar, overflow_temple_1_default,
          bloody_trog, nicolae_qazlal_eye_of_the_storm
D:5:      layout_cave_pods, lemuel_tele_altar, xom_redecorated, serial_shops,
          nicolae_shop_competitors_out_of_business
D:6:      gammafunk_cloud_chamber, layout_basic, glass_columns_b,
          hangedman_decor_diamond_cutter
D:7:      layout_basic, lemuel_zombie_altar_yredelemnul,
          ashenzari_conservatory_becter, minmay_temple_entry_grid,
          hangedman_abyss_or_decor_stagger
D:8:      layout_basic, enter_bailey_3, minmay_strange_pillars
D:9:      layout_stronghold, gammafunk_temple_overflow_claw, david_orc_4,
          nicolae_diode_basic
D:10:     minmay_skewed_foursquare, layout_cave_pools,
          mainiacjoe_overflow_six_doors_small, slow_altar_1, serial_shops,
          shop_statue
D:11:     layout_basic, erik_lair_orcish_takeover, serial_shops,
          nicolae_stop_n_shop_2, nicolae_shop_temple_entry_statues_fountains,
          shop, nicolae_inconvenience_store
Lair:1:   layout_concentric_octagons, eino_small_chamber_without_monster,
          uniq_grum
Orc:1:    dreamdust_wu_jian_sword_trials, layout_diamond_mine,
          nicolae_shop_clearance

Skill      XL: |  1  2  3  4  5  6  7  8  9 10 11 |
---------------+----------------------------------+-----
Stealth        | 3 |  3.0
Ranged Weapons | 1 2 3 4 6 8 10 11 12 | 12.9
Fighting       | 3 4 5 6 8 9 10 | 10.4
Evocations     | 2 |  2.8
Dodging        | 3 5 6 |  6.7
Long Blades    | |  1.0
Polearms       | |  2.9
Throwing       | |  1.0

Action                   |  1- 3 |  4- 6 |  7- 9 | 10-12 || total
-------------------------+-------+-------+-------+-------++-------
Melee: Spear             |    90 |    97 |       |       ||   187
       Punch             |       |     2 |       |       ||     2
 Fire: Sling             |    62 |    49 |       |       ||   111
       Shortbow          |       |    22 |   235 |       ||   257
       Arbalest          |       |       |    90 |   339 ||   429
Evoke: Wand              |       |     4 |    22 |    10 ||    36
  Use: Scroll            |     2 |     5 |     7 |     5 ||    19
       Potion            |       |     3 |     1 |     1 ||     5
 Stab: Sleeping          |     1 |     2 |       |       ||     3
Armor: Leather armour    |    37 |    29 |    46 |    21 ||   133
       Skin              |       |    28 |       |       ||    28
       Steam dragon scal |       |       |       |    62 ||    62
Dodge: Dodged            |    49 |    64 |   130 |   245 ||   488
Block: Other             |     6 |    22 |    40 |    45 ||   113

Table legend: (Time is in decaauts)
 A = Elapsed time spent in this place.
 B = Non-inter-level travel time spent in this place.
 C = Inter-level travel time spent in this place.
 D = Time resting spent in this place.
 E = Time spent auto-exploring this place.
 F = Levels seen in this place.
 G = Mean time per level.
                   A        B        C        D        E       F      G
               +--------+--------+--------+--------+--------+-----+--------+
         Total |  13735 |  12858 |    877 |    751 |   9839 |  14 |  981.1 |
       Dungeon |  12911 |  12035 |    876 |    751 |   9297 |  11 | 1173.7 |
          Lair |    257 |    257 |      0 |      0 |    181 |   1 |  257.0 |
  Orcish Mines |      8 |      8 |      0 |      0 |      0 |   1 |    8.0 |
        Bailey |    558 |    558 |      0 |      0 |    361 |   1 |  558.0 |
               +--------+--------+--------+--------+--------+-----+--------+

Top non-repeatable levels by time:
     D:9: 1831 daAuts
     D:6: 1629 daAuts
     D:4: 1336 daAuts
     D:5: 1266 daAuts
     D:7: 1159 daAuts
     D:3: 1150 daAuts
     D:1: 1115 daAuts
    D:10: 1037 daAuts
     D:8: 1024 daAuts
    D:11: 903 daAuts
  Bailey: 558 daAuts
     D:2: 455 daAuts
  Lair:1: 257 daAuts
   Orc:1: 8 daAuts
